[Event "ICC Open 2015"]
[Site "Internet Chess Club"]
[Date "2015.05.30"]
[Round "1"]
[White "fallingstar100"]
[Black "eddington"]
[Result "0-1"]
[ICCResult "White resigns"]
[WhiteElo "1507"]
[BlackElo "2171"]
[Opening "Giuoco Pianissimo: Italian four knights variation"]
[ECO "C50"]
[NIC "IG.02"]
[Time "19:03:52"]
[TimeControl "180+0"]

1. e4 e5 2. Nf3 Nc6 3. Bc4 Bc5 4. Nc3 Nf6 5. d3 O-O 6. h3 h6 7. Be3 Bb6 8.
Qd2 d6 9. Nd5 Nxd5 10. Bxd5 Ne7 11. Bxb6 Nxd5 12. Be3 Nxe3 13. Qxe3 f5 14.
O-O-O fxe4 15. dxe4 Qf6 16. Kb1 Bd7 17. Rhf1 Bxh3 18. Qb3+ Be6 19. Qc3 Bg4
20. Qxc7 Bxf3 21. gxf3 Qxf3 22. Qxd6 Qxe4 23. Rfe1 Qf3 24. Rxe5 Qxf2 25.
Qe6+ Qf7 26. Qe7 Qxe7 27. Rxe7 Rf7 28. Re6 Raf8 29. Rde1 Rf1 30. c4 Rxe1+
31. Rxe1 h5 32. c5 h4 33. b4 h3 34. b5 h2 35. c6 bxc6 36. bxc6 Rb8+ 37. Kc2
Rc8 38. Rh1 Rxc6+ 39. Kb2 Rh6 40. Kc2 g5 41. Kd2 g4 42. Ke2 g3 43. Kf3 Rg6
44. Kg2 Kf7 45. Rf1+ Ke6 46. Rf3 Rh6 47. Re3+ Kd5 48. Rd3+ Kc4 {White
resigns} 0-1

[Event "ICC Open 2015"]
[Site "Internet Chess Club"]
[Date "2015.05.30"]
[Round "1"]
[White "hejajw"]
[Black "Red-white"]
[Result "1-0"]
[ICCResult "Black forfeits on time"]
[WhiteElo "2749"]
[BlackElo "3091"]
[Opening "Queen's pawn game"]
[ECO "D02"]
[NIC "QP.08"]
[Time "19:03:34"]
[TimeControl "180+0"]

1. d4 d5 2. Nf3 Bf5 3. c4 e6 4. Nc3 c6 5. e3 Nd7 6. Bd3 Bxd3 7. Qxd3 Ngf6 8.
O-O Bb4 9. Bd2 a5 10. a3 Bxc3 11. Bxc3 O-O 12. b3 a4 13. Bb4 Re8 14. Rab1
axb3 15. Qxb3 Ne4 16. Nd2 f5 17. f3 Nef6 18. Bd6 Ra7 19. c5 e5 20. Rfe1 e4
21. f4 Qa8 22. Qb4 Nf8 23. Rb3 Rd8 24. Reb1 Rd7 25. Qc3 Ne6 26. Qb2 h6 27.
h3 Qe8 28. Qc2 g5 29. R1b2 gxf4 30. exf4 Kh7 31. Qc3 Rg7 32. Nf1 Qh5 33. Ng3
Qg6 34. Kh2 Nh5 35. Nxh5 Qxh5 36. Be5 Rf7 37. a4 Nf8 38. a5 Qh4 39. a6 bxa6
40. Rb8 Ng6 41. g3 Qe7 42. Bd6 Qe6 43. Qa5 Rad7 44. Qxa6 e3 45. Re2 Qe4 46.
Qa3 Qxd4 47. Qxe3 Qc4 48. Qe6 Ra7 49. h4 h5 50. Re8 Qb3 51. Rc8 Rg7 52. Rxc6
Qf3 53. Qe3 Qg4 54. Be5 Nxh4 55. Bxg7 Nf3+ 56. Kg2 Nh4+ 57. Kf2 Rxg7 58. Re6
Qh3 59. Re7 Qg2+ 60. Ke1 Nf3+ 61. Kd1 Qh1+ 62. Kc2 d4 63. Rxg7+ Kxg7 64.
Qe7+ {Black forfeits on time} 1-0

[Event "ICC Open 2015"]
[Site "Internet Chess Club"]
[Date "2015.05.30"]
[Round "1"]
[White "orak"]
[Black "SvMihajlov"]
[Result "0-1"]
[ICCResult "White forfeits on time"]
[WhiteElo "1588"]
[BlackElo "2260"]
[Opening "English: symmetrical, Botvinnik system"]
[ECO "B20"]
[NIC "EO.30"]
[Time "19:03:23"]
[TimeControl "180+0"]

1. e4 c5 2. c4 Nc6 3. Nc3 g6 4. g3 Bg7 5. Bg2 e6 6. Nge2 Nge7 7. d3 O-O 8.
O-O d6 9. a3 a6 10. Be3 Nd4 11. Rb1 Rb8 12. b4 b6 13. f4 Bb7 14. Qd2 Nxe2+
15. Nxe2 Nc6 16. bxc5 dxc5 17. h3 Nd4 18. Kh2 f5 19. Nc3 Qc7 20. Na4 Bc6 21.
Nc3 Rfd8 22. Ne2 Qb7 23. Nxd4 cxd4 24. Bg1 fxe4 25. dxe4 Bxe4 26. Rbe1 Bxg2
27. Qxg2 Qxg2+ 28. Kxg2 Rd6 29. Re4 d3 30. Rd1 Bb2 31. a4 Rbd8 32. c5 bxc5
33. Bxc5 Rc6 34. Be3 Kf7 35. Kf3 Rc2 36. Rb4 Rd7 37. Ke4 d2 38. Bd4 Bc1 39.
Rb6 Rc4 40. Ke3 Rcxd4 41. Rxa6 Rd3+ 42. Ke2 Rxg3 43. a5 Rdd3 44. Rb6 Rde3+
45. Kf2 Rgf3+ 46. Kg2 Rxf4 47. Rxd2 Bxd2 48. a6 Ra3 49. Rb7+ Kf6 50. a7 Be3
51. Rd7 Rxa7 52. h4 Rxd7 {White forfeits on time} 0-1

[Event "ICC Open 2015"]
[Site "Internet Chess Club"]
[Date "2015.05.30"]
[Round "1"]
[White "unkavalo"]
[Black "paulohaddad"]
[Result "1-0"]
[ICCResult "Black resigns"]
[WhiteElo "2518"]
[BlackElo "1796"]
[Opening "English: symmetrical variation"]
[ECO "A30"]
[NIC "EO.64"]
[Time "19:03:50"]
[TimeControl "180+0"]

1. c4 c5 2. Nf3 Nc6 3. Nc3 e5 4. g3 Nf6 5. Bg2 d6 6. O-O g6 7. Ne1 Bg7 8.
Nc2 O-O 9. Ne3 Nd4 10. Ned5 Rb8 11. d3 Bg4 12. Bg5 h6 13. Nxf6+ Bxf6 14.
Bxh6 Re8 15. h3 Be6 16. Bd2 Qd7 17. Ne4 Bg7 18. Ng5 f6 19. Nxe6 Nxe6 20. Bd5
Kf8 21. Kg2 Nc7 22. e4 Nxd5 23. cxd5 Kf7 24. Qg4 f5 25. Qf3 Rh8 26. h4 f4
27. Rh1 Rbf8 28. h5 g5 29. g4 Rc8 30. Rhc1 b5 31. Qe2 Ke7 32. f3 Rc7 33. Ba5
Rb7 34. Rc2 Rhb8 35. b4 Rc8 36. Rac1 c4 37. dxc4 bxc4 38. Rxc4 Rxc4 39. Qxc4
Bf8 40. Qc8 Qxc8 41. Rxc8 Kf7 42. a4 Be7 43. b5 {Black resigns} 1-0

[Event "ICC Open 2015"]
[Site "Internet Chess Club"]
[Date "2015.05.30"]
[Round "1"]
[White "iragefree"]
[Black "MaestroASK"]
[Result "1/2-1/2"]
[ICCResult "Black ran out of time and White has no material to mate"]
[WhiteElo "1844"]
[BlackElo "2566"]
[Opening "Old Indian defense"]
[ECO "A42"]
[NIC "OI.07"]
[Time "19:03:42"]
[TimeControl "180+0"]

1. d4 d6 2. c4 g6 3. e4 c6 4. Nc3 e5 5. Nf3 Bg7 6. Be2 Nd7 7. O-O Qe7 8. d5
c5 9. Ne1 Bh6 10. a3 Kf8 11. b4 Bxc1 12. Qxc1 b6 13. Rb1 Kg7 14. f3 Nh6 15.
Nd3 f5 16. Qe3 f4 17. Qf2 g5 18. Rb2 Nf7 19. Rfb1 h5 20. a4 a5 21. bxc5 bxc5
22. Qe1 Nf6 23. Rb6 g4 24. Qd2 Ba6 25. R1b5 Bxb5 26. cxb5 Rhb8 27. Rc6 Nd8
28. Nb2 Nxc6 29. dxc6 Rd8 30. Nd5 Nxd5 31. Qxd5 Qf7 32. Bc4 Qxd5 33. Bxd5
Rdc8 34. b6 Rab8 35. Nc4 Kf6 36. c7 Rxb6 37. Nxb6 Rxc7 38. Kf2 Ra7 39. Bc4
Rb7 40. Nd5+ Kg5 41. Bb5 h4 42. fxg4 Kxg4 43. h3+ Kg5 44. Kf3 Rb8 45. Nc7
Rg8 46. Nd5 Kh6 47. Kf2 Rg3 48. Nf6 Kg5 49. Ng4 Rxg4 50. hxg4 Kxg4 51. Bc6
f3 52. gxf3+ Kf4 53. Bd5 h3 54. Kg1 Kxf3 55. Kh2 Kf4 56. Kxh3 c4 57. Kg2 Ke3
58. Bxc4 Kxe4 59. Bb5 Kd4 60. Kf2 d5 61. Ke2 e4 62. Kd2 Kc5 63. Ke2 d4 64.
Kd2 Kb4 65. Ke2 e3 66. Kd3 Kb3 67. Ke2 Kc2 68. Bd3+ Kc3 69. Be4 Kb3 70. Bd3
Kb4 71. Bc4 Kxa4 72. Bd3 Kb4 73. Be4 Kc3 74. Bd3 a4 75. Be4 a3 76. Bd3 a2
77. Be4 a1=Q 78. Kf3 Qb2 79. Kf4 Qf2+ 80. Ke5
{Black ran out of time and White has no material to mate}
1/2-1/2

[Event "ICC Open 2015"]
[Site "Internet Chess Club"]
[Date "2015.05.30"]
[Round "1"]
[White "pranav-nsk"]
[Black "paulmagriel"]
[Result "0-1"]
[ICCResult "White checkmated"]
[WhiteElo "1335"]
[BlackElo "2033"]
[Opening "King's Indian defense, 3.Nc3"]
[ECO "E61"]
[NIC "KI.78"]
[Time "19:04:03"]
[TimeControl "180+0"]

1. d4 Nf6 2. c4 g6 3. Nc3 Bg7 4. e3 O-O 5. g3 d6 6. Bg2 Nc6 7. Nge2 e5 8.
O-O Bd7 9. Ne4 Nxe4 10. Bxe4 f5 11. Bg2 f4 12. gxf4 exd4 13. Nxd4 Nxd4 14.
exd4 c6 15. Be3 Qh4 16. Qb3 Rab8 17. c5+ d5 18. Bxd5+ Kh8 19. Bg2 Bh3 20.
Bxh3 Qxh3 21. Rfe1 Rf5 22. Kh1 Rh5 23. Kg1 Qxh2+ 24. Kf1 Qh1+ 25. Ke2 Qe4
26. Qd3 Qd5 27. Rg1 Rh3 28. Qb3 Qf3+ 29. Kd2 Rd8 30. Qd1 Qe4 31. Kc3 Bxd4+
32. Kb3 Bf6 33. Qc2 Rxe3+ 34. fxe3 Rd3+ 35. Qc3 Bxc3 36. bxc3 Qxe3 37. Rac1
Rxc3+ 38. Rxc3 Qxg1 39. Rf3 Qxc5 40. Rc3 Qd5+ 41. Kb2 b5 42. Kc2 Qd4 43. Kb2
b4 44. Kb3 Qxc3+ 45. Ka4 Qa3# {White checkmated} 0-1

[Event "ICC Open 2015"]
[Site "Internet Chess Club"]
[Date "2015.05.30"]
[Round "1"]
[White "Spirals"]
[Black "QuieroAprender"]
[Result "1-0"]
[ICCResult "Black forfeits on time"]
[WhiteElo "2114"]
[BlackElo "1427"]
[Opening "Ruy Lopez"]
[ECO "C70"]
[NIC "RL.09"]
[Time "19:03:43"]
[TimeControl "180+0"]

1. e4 e5 2. Nf3 Nc6 3. Bb5 a6 4. Ba4 Be7 5. O-O b5 6. Bb3 Nf6 7. d3 O-O 8.
a4 Bb7 9. Nc3 d6 10. axb5 axb5 11. Rxa8 Qxa8 12. Nxb5 Qb8 13. Nc3 Na5 14.
Ba2 c5 15. Bg5 h6 16. Bxf6 Bxf6 17. Qc1 c4 18. Bxc4 Nxc4 19. dxc4 Rc8 20. b3
g5 21. h3 Kg7 22. Rd1 Rd8 23. Qd2 Qc8 24. Nd5 g4 25. hxg4 Bxd5 26. Qxd5 Qxg4
27. Qd3 Kh7 28. Kf1 Rg8 29. g3 Qh3+ 30. Ke2 Qg4 31. Rh1 Rd8 32. Qe3 Bg7 33.
Kf1 f5 34. exf5 Qxf5 35. Kg2 Qxc2 36. Ng5+ Kg8 37. Ne6 Re8 38. Nxg7 Kxg7 39.
Qxh6+ Kf7 40. Qh7+ Qxh7 41. Rxh7+ Ke6 42. Rh6+ Ke7 43. g4 Rb8 44. f3 Rxb3
45. Kg3 Rc3 46. g5 Rxc4 47. Rh7+ Ke6 48. g6 Rc8 49. Rg7 Rf8 50. Rh7 d5 51.
g7 Rg8 52. Kg4 Kf7 53. Rh5 Rxg7+ 54. Kf5 Ke7 55. Kxe5 Rf7 56. f4 Rf5+ 57.
Rxf5 Kd7 58. Rh5 Kc6 59. Rh3 Kc5 60. Rd3 Kc6 61. Rd4 Kc5 62. Rxd5+
{Black forfeits on time}
1-0

[Event "ICC Open 2015"]
[Site "Internet Chess Club"]
[Date "2015.05.30"]
[Round "1"]
[White "cristoforo"]
[Black "zagor"]
[Result "0-1"]
[ICCResult "White checkmated"]
[WhiteElo "1459"]
[BlackElo "2131"]
[Opening "Queen's pawn game"]
[ECO "A45"]
[NIC "QP.07"]
[Time "19:04:01"]
[TimeControl "180+0"]

1. d4 Nf6 2. e3 e6 3. Bd3 c5 4. Nd2 b6 5. f4 Bb7 6. Ngf3 d6 7. c3 Be7 8. O-O
O-O 9. Qe1 Nc6 10. Qg3 cxd4 11. exd4 Qc7 12. Ng5 h6 13. Nde4 Nxe4 14. Bxe4
hxg5 15. fxg5 f5 16. gxf6 Rxf6 17. Rxf6 Bxf6 18. Qg6 Qf7 19. Qg3 Na5 20. Bc2
e5 21. Bd2 Nc4 22. Bh6 exd4 23. Rf1 dxc3 24. bxc3 Rf8 25. Bg6 Qc7 26. Bc2
Be5 27. Rxf8+ Kxf8 28. Bf4 Qc5+ 29. Kh1 Qd5 30. Bg6 Ke7 31. Bg5+ Bf6 32.
Qe1+ Qe6 33. Bxf6+ gxf6 34. Qc1 Be4 35. h3 Bxg6 36. Qh6 Be4 37. Qg7+ Qf7 38.
Qg3 f5 39. Qe1 Kd7 40. Qf2 Kc7 41. Qd4 Qd5 42. Qg7+ Kc6 43. Qg8 Qxg8 44. Kg1
Qxg2# {White checkmated} 0-1

[Event "ICC Open 2015"]
[Site "Internet Chess Club"]
[Date "2015.05.30"]
[Round "2"]
[White "clarinetist"]
[Black "ayyadov"]
[Result "0-1"]
[ICCResult "White checkmated"]
[WhiteElo "1657"]
[BlackElo "2292"]
[Opening "Sicilian: Kan, 5.Bd3"]
[ECO "B42"]
[NIC "SI.42"]
[Time "19:13:06"]
[TimeControl "180+0"]

1. e4 c5 2. Nf3 e6 3. d4 cxd4 4. Nxd4 a6 5. Bd3 Qc7 6. O-O Nf6 7. Qe2 h5 8.
c4 Bc5 9. Nf3 Nc6 10. a3 Ng4 11. h3 Nd4 12. Nxd4 Qh2# {White checkmated} 0-1

[Event "ICC Open 2015"]
[Site "Internet Chess Club"]
[Date "2015.05.30"]
[Round "2"]
[White "leonardoalmeida"]
[Black "cristoforo"]
[Result "1-0"]
[ICCResult "Black resigns"]
[WhiteElo "1875"]
[BlackElo "1456"]
[Opening "English opening"]
[ECO "A16"]
[NIC "EO.64"]
[Time "19:12:48"]
[TimeControl "180+0"]

1. c4 Nf6 2. Nc3 g6 3. g3 Bg7 4. Bg2 O-O 5. e3 d6 6. Nge2 c5 7. O-O Bg4 8.
h3 Bd7 9. Kh2 Nc6 10. d4 cxd4 11. Nxd4 Rb8 12. b3 Qc7 13. Bb2 e5 14. Ndb5
Qd8 15. Nxd6 a6 16. Nde4 Nxe4 17. Nxe4 f5 18. Nc5 Rf7 19. Bd5 Qe7 20. Nxd7
Qxd7 21. Bxf7+ Qxf7 22. Qd5 Rd8 23. Qxf7+ Kxf7 24. Rad1 Re8 25. Rd7+ Kf6 26.
f4 Ke6 27. Rxg7 {Black resigns} 1-0

[Event "ICC Open 2015"]
[Site "Internet Chess Club"]
[Date "2015.05.30"]
[Round "2"]
[White "Gruble"]
[Black "FedoseevVl95"]
[Result "0-1"]
[ICCResult "White resigns"]
[WhiteElo "1797"]
[BlackElo "2990"]
[Opening "Caro-Kann: Goldman (Spielmann) variation"]
[ECO "B11"]
[NIC "CK.01"]
[Time "19:12:54"]
[TimeControl "180+0"]

1. e4 c6 2. Nc3 d5 3. Qf3 e6 4. d4 Bb4 5. Bd2 Ne7 6. exd5 cxd5 7. Bd3 Nbc6
8. Nge2 Ng6 9. O-O O-O 10. g3 e5 11. Qxd5 Qxd5 12. Nxd5 Bxd2 {White resigns}
0-1

[Event "ICC Open 2015"]
[Site "Internet Chess Club"]
[Date "2015.05.30"]
[Round "2"]
[White "DarkThrone"]
[Black "copacablanca"]
[Result "1-0"]
[ICCResult "Black resigns"]
[WhiteElo "2444"]
[BlackElo "1704"]
[Opening "Old Indian defense"]
[ECO "A42"]
[NIC "OI.07"]
[Time "19:13:34"]
[TimeControl "180+0"]

1. d4 d6 2. c4 e5 3. d5 Nf6 4. Nc3 Be7 5. e4 O-O 6. f3 c6 7. Be3 cxd5 8.
cxd5 Nbd7 9. Qd2 Nc5 10. b4 Na6 11. a3 Nc7 12. Bd3 Bd7 13. Nge2 a5 14. bxa5
Rxa5 15. O-O Ra8 16. a4 Na6 17. Nb5 Qa5 18. Qxa5 {Black resigns} 1-0

[Event "ICC Open 2015"]
[Site "Internet Chess Club"]
[Date "2015.05.30"]
[Round "2"]
[White "PeritoGeral"]
[Black "PajoPatak"]
[Result "1-0"]
[ICCResult "Black resigns"]
[WhiteElo "1961"]
[BlackElo "1602"]
[Opening "Sicilian: Keres variation (2.Ne2)"]
[ECO "B20"]
[NIC "SI.48"]
[Time "19:13:00"]
[TimeControl "180+0"]

1. e4 c5 2. Ne2 d6 3. g3 Nf6 4. Bg2 Nc6 5. O-O g6 6. c3 Bg7 7. d4 cxd4 8.
cxd4 O-O 9. Nbc3 Nd7 10. Be3 a6 11. Rc1 Nb6 12. d5 Ne5 13. Bd4 Bg4 14. f3
Bd7 15. b3 Rc8 16. Qd2 e6 17. a4 exd5 18. a5 Na8 19. Nxd5 Bb5 20. Rxc8
{Black resigns}
1-0

[Event "ICC Open 2015"]
[Site "Internet Chess Club"]
[Date "2015.05.30"]
[Round "2"]
[White "noyb"]
[Black "klodshans"]
[Result "1-0"]
[ICCResult "Black resigns"]
[WhiteElo "1993"]
[BlackElo "1646"]
[Opening "Queen's Pawn"]
[ECO "A41"]
[NIC "QO.17"]
[Time "19:13:23"]
[TimeControl "180+0"]

1. d4 d6 2. Nf3 g6 3. Bf4 Bg7 4. e3 Nc6 5. c3 e5 6. Bg3 f5 7. Bc4 e4 8. Ng1
Nf6 9. Ne2 Ne7 10. O-O c6 11. Bb3 d5 12. c4 O-O 13. Nbc3 Kh8 14. Rc1 h6 15.
cxd5 cxd5 16. Nb5 Be6 17. Nc7 Bf7 18. Nxa8 Qxa8 19. Rc7 Nc6 20. Ba4 Rc8 21.
Rxc8+ Qxc8 22. Qc2 Be8 23. Rc1 Nh5 24. b4 g5 25. b5 Nxg3 26. hxg3
{Black resigns}
1-0

[Event "ICC Open 2015"]
[Site "Internet Chess Club"]
[Date "2015.05.30"]
[Round "2"]
[White "Gambit101"]
[Black "BehindBluEyes"]
[Result "1-0"]
[ICCResult "Black resigns"]
[WhiteElo "3038"]
[BlackElo "2306"]
[Opening "Nimzovich-Larsen attack"]
[ECO "A01"]
[NIC "VO.08"]
[Time "19:13:45"]
[TimeControl "180+0"]

1. b3 e6 2. Bb2 d5 3. e3 Nf6 4. f4 c5 5. Nf3 a6 6. Ne5 Bd6 7. Bd3 Nbd7 8.
O-O Qc7 9. Nxd7 Bxd7 10. c4 e5 11. cxd5 Nxd5 12. Qf3 Bc6 13. Be4 Ne7 14.
fxe5 Bxe4 15. Qxe4 f5 16. exd6 fxe4 17. dxc7 {Black resigns} 1-0

[Event "ICC Open 2015"]
[Site "Internet Chess Club"]
[Date "2015.05.30"]
[Round "2"]
[White "Cinzento"]
[Black "unkavalo"]
[Result "0-1"]
[ICCResult "White resigns"]
[WhiteElo "1815"]
[BlackElo "2519"]
[Opening "Caro-Kann: Tartakower (Nimzovich) variation"]
[ECO "B15"]
[NIC "CK.06"]
[Time "19:13:55"]
[TimeControl "180+0"]

1. e4 c6 2. d4 d5 3. Nc3 dxe4 4. Nxe4 Nf6 5. Nxf6+ exf6 6. c3 Bd6 7. Bd3 O-O
8. Ne2 Qc7 9. Be3 Re8 10. Qc2 h6 11. h3 c5 12. O-O-O c4 13. Be4 Qa5 14. Kb1
Rxe4 {White resigns} 0-1

[Event "ICC Open 2015"]
[Site "Internet Chess Club"]
[Date "2015.05.30"]
[Round "2"]
[White "paulohaddad"]
[Black "bennywins"]
[Result "1-0"]
[ICCResult "Black checkmated"]
[WhiteElo "1797"]
[BlackElo "1152"]
[Opening "Old Benoni defense"]
[ECO "A43"]
[NIC "OI.09"]
[Time "19:12:57"]
[TimeControl "180+0"]

1. d4 c5 2. d5 d6 3. e4 a6 4. c4 e6 5. Nc3 Ne7 6. Nf3 g6 7. Bg5 Bg7 8. Rb1
Bd7 9. Be2 a5 10. dxe6 Bxe6 11. Nd5 Bxd5 12. exd5 h6 13. Bf4 O-O 14. O-O Na6
15. a3 Rb8 16. Qd2 Nc7 17. Qxa5 Na6 18. Qd2 Nc7 19. Bxh6 Bxh6 20. Qxh6 b5
21. Ng5 Re8 22. Qh7+ Kf8 23. Qxf7# {Black checkmated} 1-0

[Event "ICC Open 2015"]
[Site "Internet Chess Club"]
[Date "2015.05.30"]
[Round "2"]
[White "TravisMcGee"]
[Black "Borknagar"]
[Result "0-1"]
[ICCResult "White resigns"]
[WhiteElo "1594"]
[BlackElo "1934"]
[Opening "Queen's pawn, Mason variation"]
[ECO "D00"]
[NIC "QP.08"]
[Time "19:13:01"]
[TimeControl "180+0"]

1. d4 d5 2. Bf4 Nf6 3. e3 c6 4. Nf3 g6 5. Be2 Bg7 6. c3 O-O 7. Nbd2 Bf5 8.
h3 Qb6 9. Qb3 Qxb3 10. axb3 a6 11. O-O h6 12. b4 g5 13. Bh2 Nbd7 14. Nb3
Rfe8 15. Ne5 Nxe5 16. Bxe5 Nd7 17. Bxg7 Kxg7 18. f3 Bc2 19. Nc5 Nxc5 20.
bxc5 Bg6 21. b4 e5 22. Rfe1 f5 23. Bd3 f4 24. c4 Bxd3 {White resigns} 0-1

[Event "ICC Open 2015"]
[Site "Internet Chess Club"]
[Date "2015.05.30"]
[Round "2"]
[White "alico"]
[Black "nikenwidiartto"]
[Result "0-1"]
[ICCResult "White checkmated"]
[WhiteElo "1336"]
[BlackElo "1859"]
[Opening "Scandinavian defense"]
[ECO "B01"]
[NIC "SD.03"]
[Time "19:13:53"]
[TimeControl "180+0"]

1. e4 d5 2. exd5 Nf6 3. d4 Bg4 4. Be2 Bxe2 5. Nxe2 Qxd5 6. c4 Qh5 7. Nbc3
Nc6 8. O-O O-O-O 9. d5 e6 10. Qa4 exd5 11. Be3 d4 12. Nxd4 Nxd4 13. Bxd4
Rxd4 14. Qxa7 Bd6 15. Qxd4 Qxh2# {White checkmated} 0-1

[Event "ICC Open 2015"]
[Site "Internet Chess Club"]
[Date "2015.05.30"]
[Round "2"]
[White "tmunagala"]
[Black "MichelRocard"]
[Result "0-1"]
[ICCResult "White resigns"]
[WhiteElo "1669"]
[BlackElo "1972"]
[Opening "Trompowsky attack (Ruth, Opocenský opening)"]
[ECO "A45"]
[NIC "QP.07"]
[Time "19:12:55"]
[TimeControl "180+0"]

1. d4 Nf6 2. Bg5 Ne4 3. h4 c6 4. Nd2 d5 5. c3 h6 6. Nxe4 dxe4 7. Bf4 Bf5 8.
e3 Nd7 9. Bc4 e6 10. Ne2 Nf6 11. Ng3 Bg4 12. f3 exf3 13. gxf3 Bh5 14. Kf2
Bd6 15. Bxd6 Qxd6 16. Qb3 O-O-O 17. a4 Nd5 18. a5 Bg6 19. a6 b6 20. Be2 Nxe3
21. Kxe3 Qxg3 22. Rad1 e5 23. Qc4 exd4+ 24. cxd4 Rhe8+ 25. Kd2 Qf4+ 26. Kc3
Re3+ 27. Kb4 Qd6+ 28. Ka4 b5+ {White resigns} 0-1

[Event "ICC Open 2015"]
[Site "Internet Chess Club"]
[Date "2015.05.30"]
[Round "2"]
[White "kingmate"]
[Black "chesstempo2"]
[Result "1-0"]
[ICCResult "Black checkmated"]
[WhiteElo "2561"]
[BlackElo "2019"]
[Opening "Lengfellner system"]
[ECO "C01"]
[NIC "FR.01"]
[Time "19:13:08"]
[TimeControl "180+0"]

1. e4 e6 2. d4 d6 3. Nf3 b6 4. c4 Bb7 5. Nc3 Nd7 6. Be2 Ne7 7. Be3 g6 8. O-O
Bg7 9. Qd2 h6 10. Rad1 g5 11. Rfe1 Ng6 12. Bd3 g4 13. Kh1 gxf3 14. gxf3 e5
15. d5 Nc5 16. Rg1 Bf6 17. Bc2 a5 18. b3 Nh4 19. Rg3 Qe7 20. a3 Nd7 21. Nb5
Nf8 22. b4 axb4 23. axb4 Nfg6 24. c5 bxc5 25. bxc5 Nf4 26. Qb4 Bc8 27. cxd6
cxd6 28. Nxd6+ Kd8 29. Bb6+ Kd7 30. Qb5+ Kxd6 31. Qc5+ Kd7 32. Qc6#
{Black checkmated}
1-0

[Event "ICC Open 2015"]
[Site "Internet Chess Club"]
[Date "2015.05.30"]
[Round "2"]
[White "Neurisdr"]
[Black "Hareaum"]
[Result "1-0"]
[ICCResult "Black checkmated"]
[WhiteElo "2874"]
[BlackElo "1761"]
[Opening "Scandinavian defense"]
[ECO "B01"]
[NIC "SD.03"]
[Time "19:13:41"]
[TimeControl "180+0"]

1. e4 d5 2. exd5 Nf6 3. Bb5+ Bd7 4. Be2 Bf5 5. d4 Nxd5 6. Nf3 e6 7. O-O Nc6
8. a3 Bg4 9. c3 Nf6 10. Bb5 a6 11. Bxc6+ bxc6 12. Nbd2 Bd6 13. h3 Bh5 14.
Qa4 Qd7 15. Ne5 Bxe5 16. dxe5 Nd5 17. Qh4 Nf6 18. exf6 Be2 19. Re1 Qd3 20.
fxg7 Rg8 21. Qe4 O-O-O 22. Qxe2 Qg6 23. Qxa6+ Kd7 24. Nf3 f6 25. Bf4 Rxg7
26. Bg3 e5 27. Rxe5 Re8 28. Rd1+ Qd3 29. Rxd3# {Black checkmated} 1-0

[Event "ICC Open 2015"]
[Site "Internet Chess Club"]
[Date "2015.05.30"]
[Round "2"]
[White "GGuseinov"]
[Black "gmgattass"]
[Result "1-0"]
[ICCResult "Black resigns"]
[WhiteElo "2999"]
[BlackElo "2276"]
[Opening "French: Tarrasch, closed variation"]
[ECO "C05"]
[NIC "FR.16"]
[Time "19:13:59"]
[TimeControl "180+0"]

1. e4 e6 2. d4 d5 3. Nd2 Nf6 4. e5 Nfd7 5. c3 c5 6. f4 Nc6 7. Ngf3 a6 8. Bd3
b5 9. O-O Rb8 10. Kh1 c4 11. Bc2 g6 12. Rf2 h5 13. Nf1 Be7 14. Be3 a5 15. g3
b4 16. Bd2 Qb6 17. Ne3 Kd8 18. Ng5 Rf8 19. Qf1 Kc7 20. Bxg6 fxg6 21. Nxe6+
Kb7 22. Nxd5 Qb5 23. Nxe7 Nxe7 24. Nxf8 Nxf8 25. cxb4 axb4 26. a4 Qd5+ 27.
Qg2 Qxg2+ 28. Kxg2 Nd5 29. Rc1 c3 30. bxc3 bxc3 31. Bxc3 Ka6 32. Rb2 Bb7 33.
Kf2 Ne6 34. Rb5 Nxc3 35. Rxc3 Nxd4 36. Rb4 Nc6 37. Rxc6+ {Black resigns} 1-0

[Event "ICC Open 2015"]
[Site "Internet Chess Club"]
[Date "2015.05.30"]
[Round "2"]
[White "Red-white"]
[Black "krankenstein"]
[Result "1-0"]
[ICCResult "Black checkmated"]
[WhiteElo "3091"]
[BlackElo "1132"]
[Opening "Philidor: exchange variation"]
[ECO "C41"]
[NIC "KP.08"]
[Time "19:13:16"]
[TimeControl "180+0"]

1. e4 e5 2. Nf3 d6 3. d4 exd4 4. Qxd4 c5 5. Bb5+ Nc6 6. Qd3 Bd7 7. Nc3 Nf6
8. Bg5 Be7 9. O-O-O O-O 10. Rhe1 h6 11. Bh4 a6 12. Bxc6 Bxc6 13. Kb1 Re8 14.
Bxf6 Bxf6 15. Nd5 Bxd5 16. Qxd5 b5 17. Qxd6 Qxd6 18. Rxd6 Red8 19. Rxd8+
Rxd8 20. c3 b4 21. Kc2 bxc3 22. bxc3 Rb8 23. Nd2 Rc8 24. Nc4 Re8 25. e5 Bg5
26. g3 h5 27. f4 Bh6 28. Nd6 Re6 29. Rb1 f6 30. Rb8+ Kh7 31. Nf7 fxe5 32. f5
Rf6 33. Rh8# {Black checkmated} 1-0

[Event "ICC Open 2015"]
[Site "Internet Chess Club"]
[Date "2015.05.30"]
[Round "2"]
[White "Sauerkraut"]
[Black "ehkopean"]
[Result "1-0"]
[ICCResult "Black resigns"]
[WhiteElo "2903"]
[BlackElo "1777"]
[Opening "Caro-Kann: exchange variation"]
[ECO "B13"]
[NIC "CK.02"]
[Time "19:15:00"]
[TimeControl "180+0"]

1. e4 c6 2. d4 d5 3. exd5 cxd5 4. Bd3 Qc7 5. c3 Nf6 6. h3 Nc6 7. Nf3 Ne4 8.
O-O Bf5 9. Re1 Nd6 10. Bxf5 Nxf5 11. c4 e6 12. cxd5 Nd8 13. dxe6 Nxe6 14. d5
{Black resigns}
1-0

[Event "ICC Open 2015"]
[Site "Internet Chess Club"]
[Date "2015.05.30"]
[Round "2"]
[White "Govindan"]
[Black "JCarllsen"]
[Result "0-1"]
[ICCResult "White checkmated"]
[WhiteElo "1479"]
[BlackElo "1916"]
[Opening "Caro-Kann defense"]
[ECO "B10"]
[NIC "CK.01"]
[Time "19:12:46"]
[TimeControl "180+0"]

1. e4 c6 2. Nf3 d5 3. e5 Bg4 4. d4 e6 5. Be2 c5 6. c3 Nc6 7. Be3 cxd4 8.
cxd4 Qb6 9. Qd2 Rc8 10. Nc3 Nge7 11. a4 Nf5 12. Nb5 a6 13. Nd6+ Nxd6 14.
exd6 Bxd6 15. h3 Bb4 16. hxg4 Bxd2+ 17. Bxd2 Nxd4 18. Bd3 Nxf3+ 19. gxf3
Qxb2 20. Rd1 g6 21. Kf1 Kd7 22. Kg2 h5 23. g5 h4 24. Kh3 Rc2 25. Bxc2 Qxc2
26. Rhe1 Qf5+ 27. Kh2 Qxf3 28. Be3 h3 29. Rg1 Rh4 30. Rg3 Qxd1 31. a5 Rg4
32. Rxh3 Qg1# {White checkmated} 0-1

[Event "ICC Open 2015"]
[Site "Internet Chess Club"]
[Date "2015.05.30"]
[Round "2"]
[White "JArookie"]
[Black "fallingstar100"]
[Result "1-0"]
[ICCResult "Black checkmated"]
[WhiteElo "1933"]
[BlackElo "1505"]
[Opening "Two knights defense"]
[ECO "C55"]
[NIC "IG.01"]
[Time "19:13:14"]
[TimeControl "180+0"]

1. e4 e5 2. Nf3 Nc6 3. Bc4 Nf6 4. O-O Be7 5. c3 O-O 6. d3 d6 7. b4 a6 8. a4
Bg4 9. Be3 h6 10. h3 Bh5 11. g4 Nxg4 12. hxg4 Bxg4 13. Nbd2 Kh8 14. Qb3 f5
15. Nh2 Bh3 16. exf5 Bxf1 17. Ndxf1 Rxf5 18. Be6 Rh5 19. Ng3 Rxh2 20. Kxh2
Bh4 21. Qd5 Ne7 22. Qe4 Bf6 23. Nh5 d5 24. Qg4 d4 25. Nxf6 gxf6 26. Bxh6 e4
27. Qg7# {Black checkmated} 1-0